 Dungeon Crawl Stone Soup version 0.23-a0-470-g6f7cfd9 (webtiles) character file.

2434 pmoppi the Carver (level 9, -1/103 HPs)
             Began as a Demonspawn Gladiator on Nov 26, 2018.
             Slain by a gnoll
             ... wielding a +1 halberd of electrocution
              (3 damage)
             ... in a bailey.
             The game lasted 00:11:27 (7563 turns).

pmoppi the Carver (Demonspawn Gladiator)            Turns: 7563, Time: 00:11:27

Health: -1/103     AC:  9    Str: 24    XL:     9   Next: 24%
Magic:  11/11      EV: 13    Int:  9    God:
Gold:   324        SH:  0    Dex: 16    Spells: 8/8 levels left

rFire    . . .     SeeInvis .   a - +1 long sword
rCold    . . .     Gourm    .   (no shield)
rNeg     . . .     Faith    .   p - +0 scale mail
rPois    .         Spirit   .   (helmet restricted)
rElec    .         Reflect  .   s - scarf {cloud immunity}
rCorr    .         Harm     .   m - +0 pair of gloves
MR       .....                  (no boots)
Stlth    ..........             t - amulet of rage
HPRegen  0.27/turn              v - +2 ring of dexterity
MPRegen  0.12/turn              (no ring)

@: berserking, very quick
A: antennae 2, thin metallic scales 1, demonic guardian 1
a: Evoke Berserk Rage


You were in a bailey.
You were hungry.

You visited 1 branch of the dungeon, and saw 7 of its levels.
You also visited: Bailey.

You collected 324 gold pieces.

Inventory:

Hand Weapons
 a - a +1 long sword (weapon)
Missiles
 d - 3 throwing nets (quivered)
Armour
 m - a +0 pair of gloves (worn)
 p - a +0 scale mail (worn)
 s - a scarf of cloud immunity (worn)
Jewellery
 t - an amulet of rage (around neck)
 v - a +2 ring of dexterity (left hand)
Scrolls
 b - a scroll of fear
 c - a scroll of silence {unknown}
 e - 2 scrolls of immolation
 j - 2 scrolls of fog
 o - a scroll of remove curse
 q - a scroll of enchant weapon
 u - a scroll of blinking
 w - a scroll of identify
 x - a scroll of enchant armour {unknown}
Potions
 g - a potion of magic {unknown}
 h - 3 potions of curing
 i - 2 potions of degeneration {unknown}
 k - 2 potions of heal wounds {unknown}
 l - 2 potions of lignification {unknown}
 n - a potion of berserk rage
 r - 2 potions of might {unknown}
Comestibles
 f - 11 rations


   Skills:
 + Level 6.2 Fighting
 * Level 8.3 Long Blades
 - Level 1.7 Throwing
 + Level 3.0 Armour
 - Level 5.0 Dodging
 + Level 3.4 Evocations


You had 8 spell levels left.
You didn't know any spells.
Your spell library was empty.

Dungeon Overview and Level Annotations

Branches:
Dungeon (7/15)
 Temple: D:4-7

Altars:
Makhleb

Shops:
D:4 *   D:5 %

Annotations:
D:7 3 runed doors


Innate Abilities, Weirdness & Mutations

You have a pair of antennae on your head.
You are partially covered in thin metallic scales. (AC +2)
A weak demonic guardian rushes to your aid.


Message History

A gnoll comes into view.
It is wielding a +1 halberd of electrocution.
You slash the hobgoblin!
You kill the hobgoblin!
You fail to use your ability.
The gnoll barely misses you.
A red film seems to cover your vision as you go berserk!
You feel yourself moving faster!
You feel mighty!
You are feeling hungry.
The gnoll hits you from afar with a +0 halberd of electrocution.
* * * LOW HITPOINT WARNING * * *
You are electrocuted!
* * * LOW HITPOINT WARNING * * *
You feel a strong urge to attack something.
The gnoll misses you.
Items here: ( ) †† 3 tomahawks of returning; a +1 halberd of electrocution; a hobgoblin corpse a gnoll corpse You hit the gnoll.
The gnoll is heavily wounded.
The gnoll hits you from afar with a +1 halberd of electrocution.
You die...

#g # g#g# #' ### ###
### # #g# #.# #.#.#
#.# #. #g##'##'#
#'##'##'# #@....#
#.....#
###.....#####.....##
#.'..⌠..'.#.'..∩..'.
###...()#####...((##
#...((## ##...)(##
#'##'##(###'##'##'#
#.# #.###()(###.###(
## ### ##### ### ##


You could see 2 gnolls.

Vanquished Creatures
  Edmund (D:5)
  A water moccasin (D:6)
  2 sky beasts
  2 ogres
  2 phantoms (D:4)
  A centaur (D:7)
  A big kobold (D:7)
  A gnoll sergeant (D:7)
  4 crimson imps
  2 hounds
  An orc priest (D:3)
  2 centaur skeletons
  6 worker ants
  3 orc wizards
  A hound skeleton (D:4)
  9 gnolls
  A howler monkey skeleton (D:4)
  5 adders
  An adder skeleton (D:4)
  2 dart slugs
  7 leopard geckos
  32 orcs
  3 giant cockroaches
  5 goblins
  16 hobgoblins
  5 jackals
  4 quokkas
  5 bats
  4 frilled lizards
  A jackal skeleton (D:5)
  21 kobolds
  A rat (D:1)
  A plant (D:1)
153 creatures vanquished.

Vanquished Creatures (collateral kills)
  A two-headed ogre (D:6)
  A black bear (D:6)
  A phantom (D:7)
  A worker ant (D:6)
  A gnoll (D:7)
  An adder (D:6)
  2 jackals (D:4)
  2 kobolds (D:7)
10 creatures vanquished.

Grand Total: 163 creatures vanquished

Notes
Turn   | Place    | Note
-------+----------+-------------------------------------------
     0 | D:1      | pmoppi the Demonspawn Gladiator began the quest for the
                  | Orb.
     0 | D:1      | Reached XP level 1. HP: 16/16 MP: 1/1
    57 | D:1      | Reached skill level 3 in Long Blades
   177 | D:1      | Gained mutation: You are partially covered in thin metallic
                  | scales. (AC +2) [demonic ancestry]
   177 | D:1      | Reached XP level 2. HP: 22/22 MP: 2/2
   880 | D:1      | Reached XP level 3. HP: 27/28 MP: 3/3
  2126 | D:3      | Reached XP level 4. HP: 34/34 MP: 4/4
  2775 | D:3      | Reached skill level 4 in Long Blades
  3290 | D:4      | Reached XP level 5. HP: 32/41 MP: 5/5
  3377 | D:4      | Noticed an ogre
  3386 | D:4      | Killed an ogre
  3386 | D:4      | Gained mutation: A weak demonic guardian rushes to your
                  | aid. [demonic ancestry]
  3386 | D:4      | Reached XP level 6. HP: 47/47 MP: 6/6
  3420 | D:4      | Found Silen's Assorted Antiques.
  3503 | D:4      | Reached skill level 5 in Long Blades
  3925 | D:4      | Reached XP level 7. HP: 40/54 MP: 7/7
  4244 | D:5      | Entered Level 5 of the Dungeon
  4423 | D:5      | Noticed Edmund
  4449 | D:5      | Killed Edmund
  4449 | D:5      | Reached skill level 6 in Long Blades
  4892 | D:5      | Found Sonirov's Food Emporium.
  5614 | D:6      | Gained mutation: You have a pair of small antennae on your
                  | head. [demonic ancestry]
  5614 | D:6      | Reached XP level 8. HP: 32/61 MP: 8/8
  5984 | D:6      | Found a burning altar of Makhleb.
  6001 | D:6      | Reached skill level 5 in Fighting
  6001 | D:6      | Reached skill level 5 in Dodging
  6066 | D:6      | Noticed a two-headed ogre
  6083 | D:6      | Killed a two-headed ogre
  6083 | D:6      | Reached skill level 7 in Long Blades
  6721 | D:6      | Gained mutation: You have a pair of antennae on your head.
                  | [demonic ancestry]
  6721 | D:6      | Reached XP level 9. HP: 66/69 MP: 11/11
  6934 | D:7      | Found a runed gate.
  6934 | D:7      | Found a runed gate.
  6934 | D:7      | Found a runed gate.
  6971 | D:7      | Reached skill level 8 in Long Blades
  7077 | D:7      | Found a flagged portal.
  7136 | Bailey   | Entered a bailey
  7561 | Bailey   | HP: 2/103 [gnoll/+0 halberd of electrocution (16)]
  7563 | Bailey   | Slain by a gnoll

Vault maps used:
D:1:      lightli_arrival_boilingwater, lexackson_kobold_supper
D:2:      minmay_spotlight
D:4:      serial_shops, shop_statue, first_ration, moated_statue,
          minmay_diced_spiral
D:5:      serial_shops, shop, uniq_edmund
D:6:      minmay_opposing_rooms, lemuel_round_altar
D:7:      minmay_temple_entry_steel_oval, enter_bailey_2,
          gammafunk_ghost_necromancy, the_bakery, uniq_pikel
Bailey:   bailey_axe_2, bailey

Skill      XL: |  1  2  3  4  5  6  7  8  9 |
---------------+----------------------------+-----
Long Blades    | 3 4 5 6 7 8 |  8.3
Dodging        | 3 4 5 |  5.0
Fighting       | 3 4 5 6 |  6.2
Armour         | 2 3 |  3.0
Evocations     | 2 3 |  3.4
Throwing       | |  1.7

Action                   |  1- 3 |  4- 6 |  7- 9 || total
-------------------------+-------+-------+-------++-------
Melee: Long sword        |   109 |   159 |   288 ||   556
 Abil: Evoke Berserk Rag |       |     1 |     3 ||     4
  Use: Scroll            |       |     8 |     4 ||    12
       Potion            |       |       |     1 ||     1
 Stab: Sleeping          |     1 |       |       ||     1
       Distracted        |       |       |     2 ||     2
  Eat: Chunk             |     4 |     7 |    14 ||    25
Armor: Leather armour    |    42 |       |       ||    42
       Scale mail        |     3 |    59 |    96 ||   158
Dodge: Dodged            |    88 |   106 |   234 ||   428
       Rpst.: Long sword |    28 |    39 |    55 ||   122

Table legend:
 A = Non-vault XP
 B = Vault XP
 C = Vault XP percentage of total XP
 D = Non-vault monster count
 E = Vault monster count
 F = Vault count percentage of total count
                 A         B        C        D         E       F
            +---------+---------+-------+---------+---------+-------
      Total |    2015 |    1463 |  42.1 |     123 |      39 |  24.1
            +---------+---------+-------+---------+---------+-------
        D:1 |      37 |      16 |  30.2 |      21 |       8 |  27.6
        D:2 |      33 |       4 |  10.8 |       5 |       2 |  28.6
        D:3 |     101 |       0 |   0.0 |      23 |       0 |   0.0
        D:4 |     486 |      77 |  13.7 |      18 |       3 |  14.3
        D:5 |     354 |     116 |  24.7 |      15 |       1 |   6.2
        D:6 |     437 |    1144 |  72.4 |      16 |       7 |  30.4
        D:7 |     567 |       0 |   0.0 |      25 |       0 |   0.0
     Bailey |       0 |     106 | 100.0 |       0 |      18 | 100.0
            +---------+---------+-------+---------+---------+-------
